 Dungeon Crawl Stone Soup version 0.24-a0-251-g44e327ef01 (webtiles) character file.

Game seed: 1678855479201746004

11 Redear the Shield-Bearer (level 2, 0/21 HPs)
             Began as an Octopode Fighter on Apr 17, 2019.
             Slain by a hobgoblin
             ... wielding a +0 club
              (4 damage)
             ... on level 1 of the Dungeon.
             The game lasted 00:00:21 (84 turns).

Redear the Shield-Bearer (Octopode Fighter)           Turns: 84, Time: 00:00:21

Health: 0/21       AC:  1    Str: 15    XL:     2   Next: 29%
Magic:  2/2        EV: 11    Int: 10    God:
Gold:   27         SH:  8    Dex: 11    Spells: 1/1 levels left

rFire    . . .     SeeInvis .   a - +0 long sword
rCold    . . .     Gourm    .   b - +0 shield
rNeg     . . .     Faith    .   (helmet restricted)
rPois    .         Spirit   .   (no amulet)
rElec    .         Reflect  .   (no ring)
rCorr    .         Harm     .   (no ring)
MR       .....                  (no ring)
Stlth    ++........             (no ring)
HPRegen  0.07/turn              (no ring)
MPRegen  0.08/turn              (no ring)
                                (no ring)
                                (no ring)

@: no status effects
A: almost no armour, stealthy swim, amphibious, 8 rings, constrict 8, camouflage
1, gelatinous body 1
a: no special abilities


You were on level 1 of the Dungeon.
You were not hungry.

You visited 1 branch of the dungeon, and saw 1 of its levels.

You collected 27 gold pieces.

Inventory:

Hand Weapons
 a - a +0 long sword (weapon)
Missiles
 f - 20 stones (quivered)
Armour
 b - a +0 shield (worn)
Scrolls
 e - a scroll of enchant armour {unknown}
Potions
 c - a potion of might {Str+5 DMG+1d10 | @q3}
 d - a potion of heal wounds {unknown}
Comestibles
 z - a ration


   Skills:
 + Level 3.1 Fighting
 + Level 2.2 Long Blades
 + Level 3.1 Dodging
 + Level 3.1 Shields


You had one spell level left.
You didn't know any spells.
Your spell library was empty.

Dungeon Overview and Level Annotations

Branches:
Dungeon (1/15)

Altars:


Innate Abilities, Weirdness & Mutations

You cannot wear most types of armour.
You are very stealthy in the water. (Stealth+)
You are amphibious.
You can wear up to eight rings at the same time.
You can use your tentacles to constrict eight enemies at once.
Your skin changes colour to match your surroundings (Stealth+).
Your rubbery body absorbs attacks. (AC +1, EV +1)


Message History

You kill the bat!
You closely miss the hobgoblin. You grab the hobgoblin.
You constrict the hobgoblin. You block the hobgoblin's attack.
You hit the hobgoblin.
The hobgoblin is heavily wounded.
You constrict the hobgoblin. The hobgoblin hits you with a +0 club.
* * * LOW HITPOINT WARNING * * *
You take 4 damage, and have 4/21 hp.
You hit the hobgoblin but do no damage.
The hobgoblin is almost dead.
You constrict the hobgoblin.
You kill the hobgoblin!
You block the hobgoblin's attack.
You closely miss the hobgoblin. Your grab misses the hobgoblin.
The hobgoblin closely misses you.
You hit the hobgoblin. You grab the hobgoblin.
You squeeze the hobgoblin, but do no damage.
The hobgoblin is heavily wounded.
You constrict the hobgoblin. The hobgoblin hits you with a +0 club.
You die...

.... ....... ....##
....... ......##.......
....#..........
...............
.....##........ ...
#........ .. ###########
#g######....
###.........####@## ...#
...............##.####....
.....⌠...⌠......#.)......#
..⌠.........⌠...##.......#
.......≈.........#...#...#
.⌠...........⌠†..#...# .$#
....≈.....≈..........#
.⌠...........⌠...#...#
.......≈.........#...#


You could see a hobgoblin.

Vanquished Creatures
  A leopard gecko (D:1)
  A hobgoblin (D:1)
  4 jackals (D:1)
  A kobold (D:1)
  A bat (D:1)
  A rat (D:1)
9 creatures vanquished.

Notes
Turn   | Place    | Note
-------+----------+-------------------------------------------
     0 | D:1      | Redear the Octopode Fighter began the quest for the Orb.
     0 | D:1      | Reached XP level 1. HP: 16/16 MP: 1/1
    55 | D:1      | Reached XP level 2. HP: 18/21 MP: 2/2
    84 | D:1      | Slain by a hobgoblin

Levels and vault maps discovered:
D:1:      dpeg_arrival_stone_temple_mockup, layout_rooms

Action                   || total
-------------------------++-------
Melee: Long sword        ||    18
       Constrict         ||     5
       Tentacles         ||     4
Armor: Skin              ||     1
Dodge: Dodged            ||     6
Block: Shield            ||    12
       Rpst.: Long sword ||     2

Table legend:
 A = Non-vault XP
 B = Vault XP
 C = Vault XP percentage of total XP
 D = Non-vault monster count
 E = Vault monster count
 F = Vault count percentage of total count
                 A         B        C        D         E       F
            +---------+---------+-------+---------+---------+-------
      Total |      17 |       0 |   0.0 |       9 |       0 |   0.0
            +---------+---------+-------+---------+---------+-------
        D:1 |      17 |       0 |   0.0 |       9 |       0 |   0.0
            +---------+---------+-------+---------+---------+-------
